[Event "42nd Olympiad Baku 2016 Open"]
[Site "Baku"]
[Date "2016.09.05"]
[Round "4.33"]
[White "Al-Hajiri, Bader"]
[Black "Makoto, Rodwell"]
[Result "0-1"]
[ECO "C48"]
[WhiteElo "2116"]
[BlackElo "2405"]
[Annotator ""]
[PlyCount "54"]
[EventDate "2016.??.??"]
[EventCountry "AZE"]
[SourceTitle "playchess.com"]
[Source "ChessBase"]
[WhiteTeam "Kuwait"]
[BlackTeam "Zimbabwe"]
[WhiteTeamCountry "KUW"]
[BlackTeamCountry "ZIM"]
[TimeControl "40/5400+30:1800+30"]

1. e4 {(00:00)} e5 {(01:01)} 2. Nf3 {(00:00)} Nc6 {
(00:06)} 3. Nc3 {(00:00)} Nf6 {(00:25)} 4. Bb5 {(
00:03)} Bc5 {(02:32)} 5. Nxe5 {(04:02)} O-O {(04:22)} 6.
Nf3 {(16:28)} Nd4 {(18:04)} 7. Nxd4 {(17:47)} Bxd4 {
(00:16)} 8. Ne2 {(00:05)} Bxf2+ {(14:49)} 9. Kxf2 {
(00:09)} Nxe4+ {(00:04)} 10. Ke1 {(02:05)} Qf6 {(
05:33)} 11. Rf1 {(00:11)} Qh4+ {(00:45)} 12. Ng3 {(02:44)}
Re8 {(01:06)} 13. Be2 {(00:13)} Nxg3 {(05:42)} 14. hxg3 {
(00:17)} Qxg3+ {(00:31)} 15. Rf2 {(00:06)} d5 {(03:
14)} 16. Kf1 {(02:13)} Qh2 {(05:33)} 17. Rf3 {(00:28)} Bg4
{(01:52)} 18. a4 {(27:51)} Re6 {(05:13)} 19. Raa3 {
(00:42)} d4 {(00:59)} 20. Rh3 {(07:03)} Rf6+ {(03:
36)} 21. Rhf3 {(01:16)} Re8 {(00:44)} 22. Kf2 {(01:39)}
Qh4+ {(01:52)} 23. Kg1 {(04:48)} Rfe6 {(02:20)} 24. g3 {
(05:13)} Qh5 {(01:17)} 25. Bf1 {(02:35)} Re1 {(00:
36)} 26. Rae3 {(01:18)} R8xe3 {(01:22)} 27. Rxe3 {(00:27)}
Rxe3 {(00:09)} 0-1

[Event "42nd Olympiad Baku 2016 Open"]
[Site "Baku"]
[Date "2016.09.05"]
[Round "4.20"]
[White "AlHuwar, Jasem"]
[Black "Bengherabi, Khalil"]
[Result "1-0"]
[ECO "A14"]
[WhiteElo "2291"]
[BlackElo "2241"]
[Annotator ""]
[PlyCount "89"]
[EventDate "2016.??.??"]
[EventCountry "AZE"]
[SourceTitle "playchess.com"]
[Source "ChessBase"]
[WhiteTeam "United Arab Emirates"]
[BlackTeam "Algeria"]
[WhiteTeamCountry "UAE"]
[BlackTeamCountry "ALG"]
[TimeControl "40/5400+30:1800+30"]

1. Nf3 {(00:00)} d5 {(00:00)} 2. g3 {(00:00)} Nf6 {
(00:00)} 3. Bg2 {(00:08)} e6 {(00:02)} 4. c4 {(00:
58)} Be7 {(00:04)} 5. O-O {(00:11)} O-O {(00:03)} 6. b3 {
(00:15)} c6 {(00:38)} 7. Bb2 {(00:22)} b6 {(00:04)}
8. Qc2 {(01:09)} Nbd7 {(00:16)} 9. d3 {(09:17)} c5 {
(07:19)} 10. e4 {(02:35)} Bb7 {(02:24)} 11. e5 {(
18:07)} Ne8 {(00:07)} 12. Re1 {(00:41)} Qc7 {(19:10)} 13.
cxd5 {(17:46)} Bxd5 {(00:34)} 14. Nc3 {(00:52)} Bc6 {
(03:08)} 15. Ne4 {(01:26)} Qb7 {(03:11)} 16. Rad1 {
(05:18)} Rc8 {(01:11)} 17. Qd2 {(04:33)} Nc7 {(21:
03)} 18. Qf4 {(03:47)} Nd5 {(09:25)} 19. Qg4 {(01:16)}
Rfd8 {(03:20)} 20. Nfg5 {(04:35)} h6 {(08:09)} 21. Nh3 {
(12:06)} Nf8 {(07:49)} 22. Nf6+ {(03:43)} Kh8 {(00:
18)} 23. Nh5 {(00:08)} Ng6 {(00:07)} 24. Be4 {(00:42)} Nb4
{(02:01)} 25. Qf3 {(05:01)} Bxe4 {(00:49)} 26. Rxe4 {
(01:02)} Kg8 {(01:22)} 27. a3 {(02:20)} Nc2 {(02:
49)} 28. Qg4 {(01:19)} Bf8 {(06:26)} 29. N3f4 {(01:56)}
Nxf4 {(00:17)} 30. Rxf4 {(00:33)} Nd4 {(01:01)} 31. Bxd4 {
(01:13)} Rxd4 {(00:30)} 32. Rxd4 {(01:40)} cxd4 {(
00:06)} 33. b4 {(00:17)} Kh8 {(00:28)} 34. Qf4 {(01:02)}
Rc3 {(01:28)} 35. g4 {(00:33)} Rxa3 {(01:03)} 36. Ng3 {
(00:25)} Bxb4 {(00:34)} 37. Ne4 {(00:28)} Kg8 {(00:
34)} 38. g5 {(00:15)} hxg5 {(00:38)} 39. Qxg5 {(00:37)}
Qe7 {(00:28)} 40. Nf6+ {(00:00)} Kf8 {(00:00)} 41. Qh4 {
(06:07)} Qd8 {(05:41)} 42. Qh8+ {(01:30)} Ke7 {(00:
03)} 43. Qxg7 {(00:07)} Qf8 {(02:25)} 44. Qg2 {(03:04)}
Kd8 {(14:02)} 45. Qb7 {(03:16] Ke7} 1-0

[Event "42nd Olympiad Baku 2016 Open"]
[Site "Baku"]
[Date "2016.09.05"]
[Round "4.22"]
[White "Almedina Ortiz, Edgardo J"]
[Black "Forbes, Garry"]
[Result "1-0"]
[ECO "B09"]
[WhiteElo "2215"]
[BlackElo "1911"]
[Annotator ""]
[PlyCount "59"]
[EventDate "2016.??.??"]
[EventCountry "AZE"]
[SourceTitle "playchess.com"]
[Source "ChessBase"]
[WhiteTeam "Puerto Rico"]
[BlackTeam "Channel Islands"]
[WhiteTeamCountry "PUR"]
[BlackTeamCountry "JCI"]
[TimeControl "40/5400+30:1800+30"]

1. e4 {(00:00)} g6 {(00:00)} 2. d4 {(00:00)} Bg7 {(
00:00)} 3. Nc3 {(00:00)} d6 {(00:00)} 4. f4 {(00:08)} Nf6
{(00:00)} 5. Nf3 {(00:11)} c5 {(00:05)} 6. Bb5+ {(
00:09)} Bd7 {(00:07)} 7. e5 {(00:12)} Ng4 {(00:09)} 8.
Bxd7+ {(00:11)} Qxd7 {(01:21)} 9. h3 cxd4 {(02:35)} 10.
Qxd4 {(00:18)} Nh6 {(04:05)} 11. Qf2 {(00:10)} Nc6 {
(00:45)} 12. Bd2 {(00:13)} dxe5 {(12:34)} 13. fxe5 {
(00:03)} O-O-O {(14:07)} 14. O-O-O {(02:40)} Qe6 {(
11:03)} 15. Rhe1 {(03:54)} f6 {(16:39)} 16. Qc5 {(21:15)}
Kb8 {(04:22)} 17. Bf4 {(08:10)} Rxd1+ {(05:13)} 18. Nxd1 {
(03:56)} Ka8 {(05:07)} 19. Nc3 {(05:20)} Rd8 {(08:
33)} 20. Kb1 {(27:19)} fxe5 {(08:05)} 21. Nxe5 {(06:05)}
Nxe5 {(03:41)} 22. Bxe5 {(00:46)} Bxe5 {(01:25)} 23. Rxe5
{(00:57)} Qd6 {(00:57)} 24. Rd5 {(00:52)} Qb8 {(00:
29)} 25. Qxe7 {(02:53)} Re8 {(00:29)} 26. Qxh7 {(00:26)}
Nf5 {(00:37)} 27. a3 {(04:10)} Ne3 {(00:10)} 28. Rd7 {
(01:28)} Nxg2 {(00:35)} 29. Nb5 {(00:43)} Qc8 {(00:
43)} 30. Nc7+ {(00:18)} 1-0

[Event "42nd Olympiad Baku 2016 Open"]
[Site "Baku"]
[Date "2016.09.05"]
[Round "4.5"]
[White "Al-Modiahki, Mohamad"]
[Black "Michaelides, Konstantinos"]
[Result "1-0"]
[ECO "C18"]
[WhiteElo "2550"]
[BlackElo "2060"]
[Annotator ""]
[PlyCount "103"]
[EventDate "2016.??.??"]
[EventCountry "AZE"]
[SourceTitle "playchess.com"]
[Source "ChessBase"]
[WhiteTeam "Qatar"]
[BlackTeam "Cyprus"]
[WhiteTeamCountry "QAT"]
[BlackTeamCountry "CYP"]
[TimeControl "40/5400+30:1800+30"]

1. e4 {(00:00)} e6 {(00:00)} 2. d4 {(00:00)} d5 {(
00:00)} 3. Nc3 {(00:00)} Bb4 {(00:00)} 4. e5 {(00:00)} Ne7
{(00:10)} 5. a3 {(00:12)} Bxc3+ {(00:12)} 6. bxc3 {
(00:01)} c5 {(00:08)} 7. Qg4 {(00:08)} O-O {(00:06]
} 8. Bd3 {(00:21)} f5 {(00:05)} 9. exf6 {(00:28)} Rxf6 {
(00:06)} 10. Bg5 {(00:13)} Rf7 {(00:22)} 11. Qh5 {(
00:14)} g6 {(00:15)} 12. Qd1 {(00:16)} Nbc6 {(00:10)} 13.
Nf3 {(02:37)} Qf8 {(00:12)} 14. O-O {(01:30)} c4 {(
00:16)} 15. Be2 {(00:07)} h6 {(00:09)} 16. Bc1 {(00:50)}
Qg7 {(00:11)} 17. a4 {(00:55)} b6 {(00:24)} 18. Ba3 {
(05:07)} Nf5 {(00:24)} 19. Qd2 {(03:24)} Bd7 {(03:
31)} 20. Rfe1 {(19:11)} Kh7 {(01:00)} 21. Bf1 {(20:24)}
Qf6 {(02:32)} 22. g3 {(14:05)} Rg8 {(15:57)} 23. Bh3 {
(17:21)} g5 {(04:52)} 24. Bg4 {(04:28)} Qg6 {(04:
12)} 25. Qe2 {(01:50)} Ng7 {(04:06)} 26. h4 {(03:08)} gxh4
{(09:07)} 27. Nxh4 {(00:02)} Qg5 {(00:43)} 28. f4 {
(01:42)} Qf6 {(08:25)} 29. Kh2 {(03:40)} Nf5 {(03:
13)} 30. Bxf5+ {(01:53)} exf5 {(00:05)} 31. Qh5 {(00:43)}
Rfg7 {(02:09)} 32. Re3 {(00:06)} Rg4 {(04:44)} 33. Rae1 {
(00:07)} R8g7 {(00:09)} 34. Rg1 {(01:12)} Kg8 {(17:
08)} 35. Nf3 {(00:38)} R7g6 {(07:37)} 36. Qh3 {(00:32)}
Qg7 {(03:56)} 37. Nh4 {(00:17)} Rf6 {(00:41)} 38. Rge1 {
(00:09)} Rf7 {(00:35)} 39. Qg2 {(00:20)} Qf6 {(09:
26)} 40. Qxd5 {(00:00)} Kh7 {(00:00)} 41. Ng2 {(04:28)}
Rfg7 {(08:03)} 42. Qxc4 {(15:46)} Qg6 {(00:20)} 43. Qd3 {
(01:03)} Qh5+ {(02:51)} 44. Kg1 {(00:02)} Qh3 {(00:
09)} 45. Kf2 {(03:37)} Qh2 {(01:19)} 46. Rf3 {(08:40)} h5
{(00:47)} 47. d5 {(00:01)} h4 {(01:44)} 48. dxc6 {(
01:08)} hxg3+ {(01:50)} 49. Ke3 {(00:05)} Bxc6 {(03:00)}
50. Qxf5+ {(01:25)} Kh6 {(00:07)} 51. Bf8 {(00:18)} Qxg2 {
(01:17)} 52. Qxg4 1-0

[Event "42nd Olympiad Baku 2016 Open"]
[Site "Baku"]
[Date "2016.09.05"]
[Round "4.25"]
[White "Aloma Vidal, Robert"]
[Black "Wynn Zaw Htun"]
[Result "1-0"]
[ECO "A45"]
[WhiteElo "2482"]
[BlackElo "2407"]
[Annotator ""]
[PlyCount "149"]
[EventDate "2016.??.??"]
[EventCountry "AZE"]
[SourceTitle "playchess.com"]
[Source "ChessBase"]
[WhiteTeam "Andorra"]
[BlackTeam "Myanmar"]
[WhiteTeamCountry "AND"]
[BlackTeamCountry "MYA"]
[TimeControl "40/5400+30:1800+30"]

1. d4 {(00:00)} Nf6 {(00:00)} 2. Bg5 {(00:00)} c5 {
(00:15)} 3. Nc3 {(00:00)} d5 {(05:50)} 4. Bxf6 {(
01:23)} exf6 {(00:46)} 5. e3 {(00:33)} Be6 {(02:17)} 6.
Nge2 {(03:06)} Nc6 {(01:40)} 7. g3 {(00:18)} c4 {(
05:43)} 8. Bg2 {(02:28)} Bb4 {(00:59)} 9. O-O {(02:30)}
O-O {(02:14)} 10. e4 {(05:02)} Ne7 {(01:36)} 11. exd5 {
(06:57)} Nxd5 {(01:34)} 12. Nxd5 {(00:15)} Bxd5 {(
00:02)} 13. Nf4 {(03:40)} Bxg2 {(00:31)} 14. Nxg2 {(02:32]
} c3 {(07:27)} 15. b3 {(02:40)} Qd7 {(04:05)} 16. Qd3 {
(02:37)} Rac8 {(00:54)} 17. Rfd1 {(10:33)} Ba3 {(
03:34)} 18. Qf3 {(07:11)} Rfd8 {(04:32)} 19. Rd3 {(00:40)}
b5 {(02:02)} 20. Rad1 {(02:14)} Qd5 {(03:21)} 21. Qxd5 {
(05:32)} Rxd5 {(00:08)} 22. Ne3 {(00:16)} Rd7 {(02:
51)} 23. d5 {(10:05)} Kf8 {(01:27)} 24. Kg2 {(03:44)} g6 {
(02:37)} 25. d6 {(01:10)} Rc6 {(12:28)} 26. Nd5 {(
03:02)} Rdxd6 {(00:35)} 27. b4 {(04:34)} Bb2 {(08:58)} 28.
g4 {(01:12)} Rc4 {(03:08)} 29. Kf3 {(01:23)} Kg7 {(
06:50)} 30. Rd4 {(03:05)} Rcc6 {(06:25)} 31. h4 {(02:17)}
Rd7 {(01:42)} 32. Nf4 {(01:32)} Rxd4 {(00:35)} 33. Rxd4 {
(00:01)} Bc1 {(00:44)} 34. Nd3 {(02:27)} Ba3 {(02:
23)} 35. Rd5 {(04:21)} a6 {(00:23)} 36. Rc5 {(00:29)} Rxc5
{(01:24)} 37. bxc5 {(00:08)} Kf8 {(00:42)} 38. Ke4 {
(01:36)} Ke7 {(00:35)} 39. Kd5 {(00:16)} Kd7 {(00:
32)} 40. f4 {(00:00)} a5 {(00:00)} 41. f5 {(11:18)} a4 {
(11:39)} 42. h5 {(01:17)} gxh5 {(03:10)} 43. gxh5 {
(00:07)} Kc7 {(01:10)} 44. Nf2 {(15:50)} h6 {(14:
00)} 45. Ne4 {(01:35)} b4 {(03:00)} 46. Nd6 {(01:48)} Bc1
{(02:13)} 47. Nb5+ {(02:35)} Kb7 {(00:57)} 48. Kc4 {
(00:28)} Be3 {(01:08)} 49. Kxb4 {(00:36)} Kc6 {(00:
05)} 50. Kc4 {(02:04)} Bxc5 {(00:13)} 51. Nxc3 {(00:06)}
a3 {(00:25)} 52. Nd5 {(00:14)} Kd6 {(01:14)} 53. Nxf6 {
(00:17)} Be3 {(00:35)} 54. Ng4 {(01:00)} Bc1 {(00:
26)} 55. Kd4 {(00:02)} Bb2+ {(01:31)} 56. Ke4 {(01:14)}
Bg7 {(00:26)} 57. Ne3 {(02:27)} Kc5 {(00:23)} 58. Kd3 {
(00:14)} Bb2 {(00:46)} 59. Ng4 {(02:39)} Bg7 {(00:
42)} 60. c4 {(00:56)} Kd6 {(00:43)} 61. Ke4 {(00:20)} Kc5
{(00:28)} 62. f6 {(00:17)} Bh8 {(00:59)} 63. Ne5 {(
00:23)} Bxf6 {(00:25)} 64. Nd7+ {(00:18)} Kxc4 {(00:03)}
65. Nxf6 {(00:05)} Kc3 {(00:02)} 66. Ke3 {(01:45)} Kb2 {
(00:10)} 67. Kd2 {(00:02)} Kxa2 {(00:07)} 68. Kc2 {
(00:03)} Ka1 {(00:13)} 69. Kc1 {(00:26)} Ka2 {(00:
10)} 70. Ng4 {(01:14)} Kb3 {(02:03)} 71. Kb1 {(00:01)} Kc4
{(00:50)} 72. Nxh6 {(00:09)} Kd5 {(00:06)} 73. Nf5 {
(01:34)} Ke6 {(00:03)} 74. h6 {(00:06)} Kf6 {(00:
05)} 75. Ka2 {(00:07)} 1-0

[Event "42nd Olympiad Baku 2016 Open"]
[Site "Baku"]
[Date "2016.09.05"]
[Round "4.35"]
[White "Alothman, Abdul Wahab"]
[Black "Masango, Spencer"]
[Result "1-0"]
[ECO "D12"]
[WhiteElo "2056"]
[BlackElo "2200"]
[Annotator ""]
[PlyCount "93"]
[EventDate "2016.??.??"]
[EventCountry "AZE"]
[SourceTitle "playchess.com"]
[Source "ChessBase"]
[WhiteTeam "Kuwait"]
[BlackTeam "Zimbabwe"]
[WhiteTeamCountry "KUW"]
[BlackTeamCountry "ZIM"]
[TimeControl "40/5400+30:1800+30"]

1. d4 {(00:00)} Nf6 {(00:00)} 2. Nf3 {(00:00)} d5 {
(00:15)} 3. e3 {(00:29)} Bf5 {(00:26)} 4. c4 {(00:
34)} c6 {(00:13)} 5. Nc3 {(00:42)} e6 {(00:09)} 6. Nh4 {
(01:12)} Bg4 {(00:34)} 7. Qb3 {(01:27)} Qb6 {(01:
07)} 8. h3 {(02:40)} Bh5 {(00:12)} 9. g4 {(00:26)} Bg6 {
(00:28)} 10. Nxg6 {(00:13)} hxg6 {(00:07)} 11. Bg2 {
(02:03)} Nbd7 {(02:30)} 12. Bd2 {(04:58)} Be7 {(01:
23)} 13. O-O-O {(06:04)} Qxb3 {(03:05)} 14. axb3 {(00:07)}
Bb4 {(01:32)} 15. Kc2 {(06:02)} Nb6 {(09:35)} 16. g5 {
(17:02)} Nh7 {(07:15)} 17. c5 {(15:33)} Nc8 {(04:
00)} 18. e4 {(04:58)} dxe4 {(05:40)} 19. Bxe4 {(03:07)}
Ne7 {(01:41)} 20. Bf4 {(07:03)} Nf8 {(05:29)} 21. Na2 {
(06:04)} Ba5 {(06:02)} 22. b4 {(00:36)} Bd8 {(00:
11)} 23. Be5 {(04:24)} Rh4 {(01:58)} 24. Bg3 {(00:59)} Rh5
{(01:28)} 25. h4 {(01:36)} Nf5 {(01:37)} 26. b5 {(
00:47)} Nxg3 {(02:53)} 27. fxg3 {(00:07)} Kd7 {(00:31)}
28. Nb4 {(00:41)} Rc8 {(09:53)} 29. bxc6+ {(00:07)} bxc6 {
(00:05)} 30. Nd3 {(00:20)} Bc7 {(00:58)} 31. g4 {(
00:38)} Rh8 {(00:20)} 32. Rdf1 {(01:18)} Ke7 {(01:10)} 33.
Nb4 {(01:32)} f5 {(03:18)} 34. gxf6+ {(00:27)} gxf6 {
(00:02)} 35. Nxc6+ {(00:14)} Kf7 {(01:40)} 36. Nxa7 {
(00:08)} Rd8 {(01:52)} 37. Nc6 {(00:17)} Rd7 {(02:
16)} 38. b4 {(00:21)} Nh7 {(02:52)} 39. b5 {(00:22)} Rc8 {
(00:41)} 40. h5 {(00:00)} Ng5 {(00:00)} 41. Bxg6+ {
(01:15)} Kg7 {(06:32)} 42. Bd3 {(01:37)} Bd8 {(04:
26)} 43. h6+ {(02:40)} Kh8 {(00:28)} 44. Kc3 {(02:01)} e5
{(02:34)} 45. dxe5 {(01:20)} Ra8 {(02:10)} 46. Ra1 {
(04:24)} Rc8 {(01:55)} 47. Bf5 {(00:28)} 1-0

[Event "42nd Olympiad Baku 2016 Open"]
[Site "Baku"]
[Date "2016.09.05"]
[Round "4.11"]
[White "Al-Saffar, Araz Basim Mohammed"]
[Black "Repka, Christopher"]
[Result "1-0"]
[ECO "A47"]
[WhiteElo "2361"]
[BlackElo "2486"]
[Annotator ""]
[PlyCount "77"]
[EventDate "2016.??.??"]
[EventCountry "AZE"]
[SourceTitle "playchess.com"]
[Source "ChessBase"]
[WhiteTeam "Iraq"]
[BlackTeam "Slovakia"]
[WhiteTeamCountry "IRQ"]
[BlackTeamCountry "SVK"]
[TimeControl "40/5400+30:1800+30"]

1. d4 {(00:00)} Nf6 {(00:00)} 2. Nf3 {(00:02)} b6 {
(00:00)} 3. e3 {(00:27)} g6 {(00:08)} 4. c4 {(02:
02)} Bg7 {(00:11)} 5. Be2 {(01:17)} c5 {(00:23)} 6. O-O {
(02:00)} O-O {(00:06)} 7. Nc3 {(00:13)} Bb7 {(02:
05)} 8. d5 {(01:49)} d6 {(01:02)} 9. e4 {(00:36)} Nbd7 {
(00:05)} 10. h3 {(00:46)} a6 {(02:29)} 11. a4 {(00:
23)} Qc7 {(03:11)} 12. Bf4 {(05:18)} Ne5 {(03:24)} 13. Nd2
{(03:28)} e6 {(02:09)} 14. Bh2 {(03:12)} Rae8 {(03:
45)} 15. Qc2 {(06:51)} Ned7 {(04:14)} 16. dxe6 {(06:47)}
fxe6 {(01:22)} 17. Rad1 {(02:56)} Ne5 {(06:38)} 18. Nf3 {
(10:50)} Nfd7 {(00:11)} 19. Qd2 {(01:06)} Nxf3+ {(
00:37)} 20. Bxf3 {(01:56)} Ne5 {(01:57)} 21. Be2 {(10:20)}
Rd8 {(00:11)} 22. Bf4 {(00:45)} Rf7 {(11:23)} 23. Bg5 {
(07:17)} Rdd7 {(00:08)} 24. h4 {(00:37)} Rf8 {(01:
23)} 25. h5 {(01:01)} gxh5 {(00:13)} 26. Bh6 {(00:53)} Qd8
{(09:45)} 27. Bxg7 {(03:03)} Kxg7 {(03:16)} 28. f4 {
(00:12)} Ng4 {(00:07)} 29. f5 {(00:49)} exf5 {(07:
06)} 30. exf5 {(05:18)} Ne5 {(00:51)} 31. Qf4 {(01:42)}
Rdf7 {(05:44)} 32. Ne4 {(01:54)} Bxe4 {(05:24)} 33. Qxe4 {
(00:02)} Qd7 {(01:25)} 34. f6+ {(00:35)} Kh8 {(05:
06)} 35. Bxh5 {(00:05)} Ng6 {(03:23)} 36. Bxg6 {(01:15)}
hxg6 {(00:07)} 37. Qxg6 {(00:02)} Qe6 {(01:39)} 38. Rde1 {
(02:30)} Qxc4 {(01:55)} 39. Qh6+ {(01:31)} 1-0

[Event "42nd Olympiad Baku 2016 Open"]
[Site "Baku"]
[Date "2016.09.05"]
[Round "4.29"]
[White "Amin, Bassem"]
[Black "Matamoros Franco, Carlos S"]
[Result "1-0"]
[ECO "C00"]
[WhiteElo "2661"]
[BlackElo "2488"]
[Annotator ""]
[PlyCount "81"]
[EventDate "2016.??.??"]
[EventCountry "AZE"]
[SourceTitle "playchess.com"]
[Source "ChessBase"]
[WhiteTeam "Egypt"]
[BlackTeam "Ecuador"]
[WhiteTeamCountry "EGY"]
[BlackTeamCountry "ECU"]
[TimeControl "40/5400+30:1800+30"]

1. e4 {(01:17)} e6 {(00:23)} 2. d3 {(00:12)} d5 {(
00:06)} 3. Nd2 {(00:04)} Nf6 {(00:37)} 4. Ngf3 {(00:07)}
Nc6 {(00:38)} 5. c3 {(00:12)} e5 {(00:15)} 6. Be2 {
(05:23)} a5 {(02:14)} 7. O-O {(00:10)} Bc5 {(02:21]
} 8. Nxe5 {(19:52)} Nxe5 {(00:10)} 9. d4 {(00:06)} O-O {
(17:08)} 10. exd5 {(11:20)} Bxd4 {(00:36)} 11. cxd4 {
(00:08)} Ng6 {(00:39)} 12. d6 {(04:46)} Qxd6 {(06:
18)} 13. Nc4 {(00:10)} Qd5 {(02:37)} 14. b3 {(07:36)} Be6
{(11:07)} 15. Bf3 {(06:20)} Qb5 {(00:48)} 16. a4 {(
00:08)} Qa6 {(00:21)} 17. Bg5 {(02:54)} Nd5 {(02:49)} 18.
Rc1 {(00:11)} Rfe8 {(15:37)} 19. Re1 {(04:00)} Rac8 {
(07:57)} 20. g3 {(04:55)} h6 {(08:54)} 21. Bd2 {(
00:14)} b6 {(00:10)} 22. h4 {(04:22)} Red8 {(07:37)} 23.
Be4 {(04:48)} Nge7 {(02:13)} 24. Qf3 {(01:04)} Nc6 {
(02:28)} 25. Be3 {(07:22)} Ncb4 {(00:28)} 26. Ne5 {
(03:44)} c6 {(02:51)} 27. Bd2 {(02:22)} c5 {(02:49]
} 28. dxc5 {(04:55)} Rxc5 {(00:14)} 29. Rxc5 {(01:36)}
bxc5 {(00:02)} 30. Bb1 {(02:05)} Qa8 {(03:13)} 31. Nc4 {
(02:02)} Nf6 {(00:24)} 32. Qxa8 {(00:16)} Rxa8 {(
00:02)} 33. Be3 {(00:17)} Nd7 {(00:42)} 34. Be4 {(01:08)}
Ra6 {(00:47)} 35. Rd1 {(00:12)} h5 {(00:47)} 36. Bb7 {
(01:00)} Ra7 {(00:08)} 37. Bc8 {(00:07)} Nc2 {(00:
47)} 38. Bxd7 {(00:50)} Nxe3 {(00:02)} 39. fxe3 {(00:25)}
Bxd7 {(00:15)} 40. Rd5 {(00:00)} Bg4 {(00:00)} 41. Rxc5 {
(01:21)} 1-0

[Event "42nd Olympiad Baku 2016 Open"]
[Site "Baku"]
[Date "2016.09.05"]
[Round "4.21"]
[White "Amonatov, Farrukh"]
[Black "Bologan, Victor"]
[Result "1/2-1/2"]
[ECO "B06"]
[WhiteElo "2610"]
[BlackElo "2648"]
[Annotator ""]
[PlyCount "67"]
[EventDate "2016.??.??"]
[EventCountry "AZE"]
[SourceTitle "playchess.com"]
[Source "ChessBase"]
[WhiteTeam "Tajikistan"]
[BlackTeam "Moldova"]
[WhiteTeamCountry "TJK"]
[BlackTeamCountry "MDA"]
[TimeControl "40/5400+30:1800+30"]

1. e4 {(00:00)} g6 {(00:00)} 2. d4 {(00:00)} Bg7 {(
00:00)} 3. Nf3 {(00:10)} d6 {(00:00)} 4. Bc4 {(00:03)} Nf6
{(00:00)} 5. Qe2 {(00:04)} O-O {(00:03)} 6. e5 {(
00:11)} dxe5 {(00:12)} 7. dxe5 {(00:04)} Nd5 {(00:06)} 8.
h3 {(00:07)} Be6 {(00:19)} 9. O-O {(00:32)} Nd7 {(
00:31)} 10. Bb3 {(01:18)} c6 {(11:08)} 11. c4 {(08:50)}
Nb4 {(04:10)} 12. Nc3 {(19:06)} Qc7 {(07:34)} 13. Bf4 {
(04:41)} Nc5 {(09:11)} 14. Rad1 {(01:25)} Bf5 {(06:
48)} 15. Qe3 {(06:24)} Qb6 {(01:40)} 16. Rd2 {(16:47)}
Rfd8 {(23:21)} 17. Rfd1 {(09:51)} Rxd2 {(11:59)} 18. Rxd2
{(03:02)} Nxb3 {(00:42)} 19. axb3 {(02:05)} Qxe3 {(
02:41)} 20. Bxe3 {(00:16)} Nc2 {(10:07)} 21. Bf4 {(09:33)}
Na1 {(00:38)} 22. Nd4 {(00:48)} Rd8 {(01:15)} 23. b4 {
(07:08)} Bc8 {(06:14)} 24. Rd1 {(01:29)} f6 {(01:
10)} 25. exf6 {(04:51)} Bxf6 {(00:36)} 26. Be3 {(00:51)}
Bxd4 {(01:19)} 27. Bxd4 {(02:42)} a6 {(00:33)} 28. Be5 {
(00:59)} Rxd1+ {(00:22)} 29. Nxd1 {(00:04)} Nc2 {(
00:53)} 30. Bc3 {(00:08)} Be6 {(00:31)} 31. c5 {(00:14)}
Kf7 {(00:30)} 32. f3 {(00:27)} g5 {(00:34)} 33. Kf2 {
(00:29)} Bc4 {(00:07)} 34. Ne3 {(00:39)} 1/2-1/2

[Event "42nd Olympiad Baku 2016 Open"]
[Site "Baku"]
[Date "2016.09.05"]
[Round "4.14"]
[White "Andersen, Mads"]
[Black "Juarez Flores, Carlos A"]
[Result "1-0"]
[ECO "A27"]
[WhiteElo "2535"]
[BlackElo "2392"]
[Annotator ""]
[PlyCount "67"]
[EventDate "2016.??.??"]
[EventCountry "AZE"]
[SourceTitle "playchess.com"]
[Source "ChessBase"]
[WhiteTeam "Denmark"]
[BlackTeam "Guatemala"]
[WhiteTeamCountry "DEN"]
[BlackTeamCountry "GUA"]
[TimeControl "40/5400+30:1800+30"]

1. c4 {(00:00)} e5 {(00:00)} 2. Nc3 {(00:00)} Nc6 {
(00:00)} 3. Nf3 {(00:24)} g6 {(01:43)} 4. e3 {(02:
47)} Bg7 {(00:07)} 5. d4 {(01:24)} d6 {(00:24)} 6. Be2 {
(04:16)} Nf6 {(01:22)} 7. dxe5 {(01:49)} Nxe5 {(00:
33)} 8. Nxe5 {(08:03)} dxe5 {(00:03)} 9. Qxd8+ {(00:11)}
Kxd8 {(00:02)} 10. b3 {(02:09)} c6 {(02:21)} 11. Ba3 {
(00:20)} Kc7 {(03:43)} 12. O-O-O {(00:54)} Rd8 {(
00:20)} 13. Rxd8 {(05:15)} Kxd8 {(00:02)} 14. Rd1+ {(00:
48)} Ke8 {(01:24)} 15. Bd6 {(01:28)} Ng4 {(08:24)} 16. Bc7
{(13:37)} Bf5 {(04:58)} 17. Bxg4 {(07:55)} Bxg4 {(
00:03)} 18. f3 {(00:26)} Bf5 {(02:59)} 19. g4 {(01:35)}
Be6 {(06:08)} 20. Ne4 {(02:51)} b6 {(03:08)} 21. g5 {
(08:05)} Bf5 {(13:06)} 22. Nd6+ {(00:18)} Ke7 {(03:
03)} 23. Nb7 {(01:47)} Bc8 {(18:08)} 24. Nd8 {(06:02)} Ke8
{(04:25)} 25. Nxc6 {(04:17)} Bb7 {(00:16)} 26. Nb8 {
(03:29)} Bxf3 {(14:14)} 27. Rd8+ {(00:20)} Ke7 {(
00:01)} 28. b4 {(01:00)} f6 {(03:10)} 29. Rd7+ {(04:08)}
Kf8 {(00:08)} 30. c5 {(01:41)} bxc5 {(01:48)} 31. bxc5 {
(00:13)} fxg5 {(01:07)} 32. Bd6+ {(01:15)} Kg8 {(
00:05)} 33. c6 {(00:59)} Rxb8 {(03:17)} 34. c7 {(01:03)}
1-0